 Dungeon Crawl Stone Soup version 0.30-a0-782-ge64f9170bb (webtiles) character file.

Game seed: 5907087330506848958

207 Angani the Grave Robber (level 5, -1/57 HPs)
             Began as a Draconian Necromancer on Feb 23, 2023.
             Slain by a gnoll
             ... wielding a +0 whip
              (7 damage)
             ... on level 4 of the Dungeon.
             The game lasted 00:04:55 (3417 turns).

Angani the Grave Robber (Draconian Necromancer)     Turns: 3417, Time: 00:04:56

Health: -1/57      AC:  5    Str:  8 (10) XL:     5   Next: 54%
Magic:  3/10       EV: 12    Int: 14 (17) God:
Gold:   163        SH:  0    Dex: 12      Spells: 4/11 levels left

rFire   . . .      SeeInvis .    c - +1 dagger (venom)
rCold   . . .      Faith    .    (no shield)
rNeg    . . .      Spirit   .    (body armour unavailable)
rPois   .          Reflect  .    (helmet restricted)
rElec   .          Harm     .    (no cloak)
rCorr   .          Rampage  .    (no gloves)
Will    .....                    (no boots) Stlth
                                 (no amulet)
HPRegen 0.29/turn                (no ring)
MPRegen 0.12/turn                (no ring)

@: berserking, very quick
A: AC +5, unfitting armour, cold-blooded
a: no special abilities


You were on level 4 of the Dungeon.
You visited 1 branch of the dungeon, and saw 4 of its levels.

You collected 163 gold pieces.

Inventory:

Hand Weapons
 c - a +1 dagger of venom (weapon)
Scrolls
 d - a scroll of blinking {unknown}
 e - a scroll of enchant weapon {unknown}
 f - a scroll of enchant armour {unknown}
 k - 3 scrolls of butterflies
 m - 3 scrolls of teleportation
 n - a scroll of poison {unknown}
Potions
 a - a potion of magic
 g - a potion of haste
 i - a potion of brilliance
 j - a potion of lignification


   Skills:
 - Level 1.7 Dodging
 - Level 1.7 Stealth
 + Level 3.8 Spellcasting
 + Level 2.6 Summonings
 - Level 5.0 Necromancy


You had 4 spell levels left.
You knew the following spells:

 Your Spells              Type           Power      Damage    Failure   Level
a - Necrotise             Necr           64%        1d7       2%          1
b - Vampiric Draining     Necr           16%        2d7       8%          3
c - Call Canine Familiar  Summ           10%        N/A       21%         3

Your spell library contained the following spells:

 Spells                   Type           Power      Damage    Failure   Level
 Summon Small Mammal      Summ           40%        N/A       7%          1
 Animate Dead             Necr           16%        N/A       26%         4
 Summon Guardian Golem    Hex/Summ       6%         N/A       34%         3
 Agony                    Necr           16%        N/A       56%         5
 Haunt                    Necr/Summ      6%         N/A       100%        7
 Infestation              Necr           8%         N/A       100%        8


Dungeon Overview and Level Annotations

Branches:
Dungeon (4/15)
 Temple: D:4-7

Altars:

Shops:
D:1 [

Annotations:
D:4 3 runed translucent doors, playitleo's ghost, amateur GnEE


Innate Abilities, Weirdness & Mutations

Your plain brown scales are hard. (AC +5)
You cannot fit into any form of body armour.
You are cold-blooded and may be slowed by cold attacks.


Message History

The gnoll completely misses you. The gnoll misses you.
You barely miss the gnoll.
The gnoll is lightly wounded.
Your gnoll skeleton closely misses the gnoll.
The gnoll hits you from afar with a +0 spear.
The gnoll hits you with a +0 spear.
You are too injured to fight recklessly!
Your gnoll skeleton hits the gnoll.
The gnoll misses you.
Your gnoll skeleton hits the gnoll.
The gnoll hits your gnoll skeleton with a +0 spear.
The gnoll hits your gnoll skeleton with a +0 spear!
Aiming: Necrotise (safe; 2% risk of failure)
Press: ? - help, Q - select action, (/) - cycle Shift-Dir - straight line, f/p - gnoll
Aim: a gnoll, wielding a +0 spear (heavily wounded, not watching you, very poisoned, ally target, chance to affect: 80%)
The gnoll barely resists.
Your gnoll skeleton hits the gnoll.
The gnoll dies!
You feel your dexterity returning.
Aiming: Necrotise (safe; 2% risk of failure)
Press: ? - help, Q - select action, (/) - cycle Shift-Dir - straight line, f - gnoll
Aim: a gnoll, wielding a +0 whip (chance to affect: 80%)
The gnoll barely resists.
Aiming: Necrotise (safe; 2% risk of failure)
Press: ? - help, Q - select action, (/) - cycle Shift-Dir - straight line, f/p - gnoll
Aim: a gnoll, wielding a +0 whip (ally target, chance to affect: 80%)
The gnoll writhes in agony.
Your gnoll skeleton closely misses the gnoll.
The gnoll hits you with a +0 whip. The gnoll hits you but does no damage.
You hit the gnoll but do no damage.
The gnoll is poisoned.
The gnoll is moderately wounded.
The gnoll hits you from afar with a +0 spear.
* * * LOW HITPOINT WARNING * * *
The gnoll hits you with a +0 whip.
* * * LOW HITPOINT WARNING * * *
Your gnoll skeleton closely misses the gnoll.
You are too injured to fight recklessly!
A red film seems to cover your vision as you go berserk!
You feel yourself moving faster!
You feel mighty! The gnoll hits you with a +0 whip!
You die...

####.#..... #.........#
#......#... #..))......
#.#####.#.g......
#.....Z.#...#####
######..)#...#.....
#....gg..#...#.....
#...@....#...#.#...#.
######........##..#..#.#..
#.............##..#.#...#.
#........>........#.g.W...
#........#######..#ohwY...
#.......(# #......###+++##
#........# #..............
#........# #..............
#........# ####...#####.'.


You could see 2 gnolls and a friendly gnoll skeleton.

Vanquished Creatures
  A jelly (D:4)
  A hound (D:4)
  5 gnolls
  2 adders
  An ufetubus (D:4)
  2 worms (D:2)
  2 dart slugs
  3 orcs (D:3)
  2 ball pythons
  3 endoplasms
  4 goblins
  4 hobgoblins
  3 jackals (D:1)
  A quokka (D:4)
  8 bats
  5 kobolds
  6 rats
53 creatures vanquished.

Vanquished Creatures (collateral kills)
  A gnoll (D:4)
  An orc (D:3)
  A kobold (D:2)
3 creatures vanquished.

Vanquished Creatures (others)
  9 plants (D:3)
9 creatures vanquished.

Grand Total: 65 creatures vanquished

Notes
Turn   | Place    | Note
-------+----------+-------------------------------------------
     0 | D:1      | Angani the Draconian Necromancer began the quest for the
                  | Orb.
     0 | D:1      | Reached XP level 1. HP: 14/14 MP: 3/3
     4 | D:1      | Found Zoeg's Armour Shop.
   294 | D:1      | Reached XP level 2. HP: 16/20 MP: 5/5
  1180 | D:2      | Reached XP level 3. HP: 26/26 MP: 5/7
  1184 | D:2      | Learned a level 3 spell: Vampiric Draining
  1188 | D:2      | Learned a level 3 spell: Call Canine Familiar
  1905 | D:2      | Reached skill level 1 in Summonings
  1905 | D:2      | Reached XP level 4. HP: 33/33 MP: 2/8
  3049 | D:4      | HP: 1/33 [acid (5)]
  3055 | D:4      | Reached skill level 5 in Necromancy
  3055 | D:4      | Reached XP level 5. HP: 10/38 MP: 0/10
  3212 | D:4      | Found a runed translucent gate.
  3212 | D:4      | Noticed a yak
  3217 | D:4      | Noticed playitleo's ghost (amateur GnEE)
  3274 | D:4      | Found a runed translucent gate.
  3275 | D:4      | Found a runed translucent gate.
  3417 | D:4      | Slain by a gnoll

Illustrated notes

Levels and vault maps discovered:
D:1:      wander_arrival_peaceful_grave, layout_loops_cross, serial_shops,
          nicolae_shop_waterfront
D:2:      layout_basic
D:3:      layout_loops_ring, kennysheep_minor_cross, guppyfry_early_lair_pool
D:4:      minmay_door_path, layout_basic, gammafunk_ghost_split

Skill      XL: |  1  2  3  4 |
---------------+-------------+-----
Spellcasting   | 3 |  3.8
Summonings     | 1 2 |  2.6
Necromancy     | 5 |  5.0
Dodging        | |  1.7
Stealth        | |  1.7

Action                     |  1- 3 |  4- 6 || total
---------------------------+-------+-------++-------
  Melee: Dagger            |    55 |    18 ||    73
         Tailslap          |     9 |     2 ||    11
   Cast: Necrotise         |    50 |    62 ||   112
    Use: Scroll            |     3 |     1 ||     4
         Potion            |       |     5 ||     5
   Stab: Sleeping          |     1 |       ||     1
 Armour: Skin              |    14 |     9 ||    23
  Dodge: Dodged            |    42 |    27 ||    69

Table legend: (Time is in decaauts)
 A = Elapsed time spent in this place.
 B = Non-inter-level travel time spent in this place.
 C = Inter-level travel time spent in this place.
 D = Time resting spent in this place.
 E = Time spent auto-exploring this place.
 F = Levels seen in this place.
 G = Mean time per level.
                   A        B        C        D        E       F      G
               +--------+--------+--------+--------+--------+-----+--------+
         Total |   3395 |   3279 |    116 |    354 |   2405 |   4 |  848.8 |
       Dungeon |   3395 |   3279 |    116 |    354 |   2405 |   4 |  848.8 |
               +--------+--------+--------+--------+--------+-----+--------+

Top non-repeatable levels by time:
     D:2: 1299 daAuts
     D:3: 765 daAuts
     D:1: 758 daAuts
     D:4: 572 daAuts
